 Dungeon Crawl Stone Soup version 0.25-a0-265-g7af84ae0ac (webtiles) character file.

Game seed: 5913970552706737544, levelgen mode: deterministic

64 DavidChitty2 the Skirmisher (level 4, -1/29 HPs)
             Began as a Gargoyle Fighter on Dec 8, 2019.
             Slain by an iguana (9 damage)
             ... on level 3 of the Dungeon.
             The game lasted 00:02:03 (1813 turns).

DavidChitty2 the Skirmisher (Gargoyle Fighter)      Turns: 1813, Time: 00:02:03

Health: -1/29      AC: 10    Str: 21    XL:     4   Next: 12%
Magic:  4/4        EV:  7    Int:  8    God:
Gold:   91         SH:  9    Dex:  9    Spells: 3/3 levels left

rFire    . . .     SeeInvis .   a - +0 flail
rCold    . . .     Gourm    .   c - +0 shield
rNeg     + . .     Faith    .   b - +0 scale mail
rPois    ∞         Spirit   .   (no helmet)
rElec    +         Reflect  .   (no cloak)
rCorr    .         Harm     .   (no gloves)
MR       .....                  (no boots)
Stlth    ..........             (no amulet)
HPRegen  0.09/turn              (no ring)
MPRegen  0.09/turn              (no ring)

@: no status effects
A: negative energy resistance 1, electricity resistance, unbreathing,
petrification resistance, rot immunity, AC +3
a: no special abilities


You were on level 3 of the Dungeon.
You were not hungry.

You visited 1 branch of the dungeon, and saw 3 of its levels.

You collected 91 gold pieces.

Inventory:

Hand Weapons
 a - a +0 flail (weapon)
Missiles
 k - 2 poisoned darts (quivered)
Armour
 b - a +0 scale mail (worn)
 c - a +0 shield (worn)
Scrolls
 f - a scroll of fear {unknown}
 h - 2 scrolls of remove curse {unknown}
 j - a scroll of teleportation {unknown}
 l - 3 scrolls of identify {unknown}
Potions
 d - a potion of might
 i - 2 potions of brilliance {unknown}
Comestibles
 e - 5 rations {!d}
 g - a chunk of flesh


   Skills:
 + Level 3.8 Fighting
 * Level 3.0 Maces & Flails
 + Level 3.7 Armour
 + Level 3.7 Shields


You had 3 spell levels left.
You didn't know any spells.
Your spell library was empty.

Dungeon Overview and Level Annotations

Branches:
Dungeon (3/15)

Altars:


Innate Abilities, Weirdness & Mutations

You are resistant to torment.
Your stone body is resilient. (AC +3)
You are immune to poison.
You resist negative energy. (rN+)
You are resistant to electric shocks. (rElec)
You can survive without breathing.
You are immune to petrification.
You are immune to rotting.


Message History

You kill the orc!
Your Maces & Flails skill increases to level 3!
Okay, then.
Things that are here:
a +0 dagger; 4 boomerangs An orc comes into view.
It is wielding a +0 mace.
An orc comes into view. It is wielding a +0 hand axe.
The orc shouts!
You hear a shout! x3
An iguana comes into view.
An orc comes into view.
It is wearing a +0 leather armour of poison resistance.
A hobgoblin comes into view.
A quokka comes into view.
An orc comes into view.
You block the orc's attack.
Your shield and scale mail prevent you from hitting the orc.
The orc hits you but does no damage.
You thump the orc!
You kill the orc!
You have reached level 4!
You feel stronger.
An orc comes into view. It is wielding a +0 hand axe.
The orc moves out of view.
Your shield and scale mail prevent you from hitting the orc.
You block the orc's attack. x2
You barely miss the orc. The orc hits you but does no damage.
You hit the orc.
A quokka comes into view.
The orc barely misses you.
You hit the orc. The orc hits you with a +0 hand axe.
You barely miss the orc. You block the orc's attack.
You hit the orc.
You kill the orc!
The orc hits you but does no damage.
You closely miss the orc. The orc barely misses you.
You thump the orc!
You kill the orc!
Your shield and scale mail prevent you from hitting the quokka.
The quokka bites you but does no damage.
The quokka barely misses you.
You closely miss the quokka. You block the quokka's attack.
The quokka bites you but does no damage.
You sock the quokka!
You kill the quokka!
You hit the iguana but do no damage. The iguana completely misses you.
You hit the iguana. The iguana bites you! The iguana barely misses you.
You hit the iguana. You block the iguana's attack.
You barely miss the iguana. The iguana bites you!
* * * LOW HITPOINT WARNING * * *
You closely miss the iguana. The iguana barely misses you.
The iguana bites you!
You die... ... ##.. .... #o. #ro

#g# #.. # #l# .. #. #@#
..### #.######.# ...
#.....##.####### ...
#.....##........ #.#
#........####### #.# #
#.....)..##########.# ##
#....)#.............####.
#.....####.#.....##......
#.....# #...##########..


You could see an iguana, 2 orcs, a quokka and a hobgoblin.

Vanquished Creatures
  2 adders (D:2)
  An ooze (D:2)
  A dart slug (D:1)
  2 leopard geckos
  6 orcs (D:3)
  A giant cockroach (D:2)
  A goblin (D:2)
  4 hobgoblins
  A quokka (D:3)
  A ball python (D:2)
  2 bats (D:2)
  3 frilled lizards
  4 kobolds
  3 rats
32 creatures vanquished.

Notes
Turn   | Place    | Note
-------+----------+-------------------------------------------
     0 | D:1      | DavidChitty2 the Gargoyle Fighter began the quest for the
                  | Orb.
     0 | D:1      | Reached XP level 1. HP: 14/14 MP: 1/1
   273 | D:1      | Reached XP level 2. HP: 19/19 MP: 2/2
  1251 | D:2      | Reached XP level 3. HP: 23/23 MP: 3/3
  1797 | D:3      | Reached XP level 4. HP: 29/29 MP: 4/4
  1813 | D:3      | Slain by an iguana

Levels and vault maps discovered:
D:1:      shiori_shiawase, layout_basic, grunt_decor_one_mirror
D:2:      layout_loops_ring, corexii_item_surrounded_by_moat
D:3:      layout_rooms, grunt_dithmenos_smoke, first_ration,
          hangedman_decor_push, grunt_ministairs_9, uniq_sigmund

Skill      XL: |  1  2  3 |
---------------+----------+-----
Maces & Flails | 3 |  3.0
Fighting       | |  3.8
Armour         | |  3.7
Shields        | |  3.7

Action                   |  1- 3 |  4- 6 || total
-------------------------+-------+-------++-------
Melee: Flail             |   108 |    16 ||   124
  Eat: Chunk             |     3 |       ||     3
Armor: Scale mail        |    45 |     3 ||    48
Dodge: Dodged            |    38 |     6 ||    44
Block: Shield            |    46 |     5 ||    51

Table legend:
 A = Non-vault XP
 B = Vault XP
 C = Vault XP percentage of total XP
 D = Non-vault monster count
 E = Vault monster count
 F = Vault count percentage of total count
                 A         B        C        D         E       F
            +---------+---------+-------+---------+---------+-------
      Total |      76 |      16 |  17.4 |      30 |       2 |   6.2
            +---------+---------+-------+---------+---------+-------
        D:1 |      14 |       0 |   0.0 |       7 |       0 |   0.0
        D:2 |      41 |      14 |  25.5 |      15 |       1 |   6.2
        D:3 |      21 |       2 |   8.7 |       8 |       1 |  11.1
            +---------+---------+-------+---------+---------+-------
